NCAA
WAKE FOREST DEMON DEACONS @ SETON HALL PIRATES
04/25/2029
 
TOP OF THE 1ST
Wake Forest Demon Deacons batting - Pitching for Seton Hall Pirates : LHP Greg Harris
Pitching: LHP Greg Harris
Batting: RHB Terry Griffin 0-0: Ball
1-0: Ball
2-0: Ball
3-0: Base on Balls
Batting: LHB Don Harris 0-0: Ball
1-0: Ball
2-0: Called Strike
2-1: Foul Ball, location: 2F
2-2: Ball
Terry Griffin is caught stealing 2nd base
3-2: Base on Balls
Batting: RHB William Allen 0-0: Called Strike
0-1: Grounds into double play, 6-4-3 (Groundball, 6)
Top of the 1st over - 0 runs, 0 hits, 0 errors, 0 left on base; Wake Forest 0 - Seton Hall 0
BOTTOM OF THE 1ST
Seton Hall Pirates batting - Pitching for Wake Forest Demon Deacons : RHP Jamie Bonner
Pitching: RHP Jamie Bonner
Batting: RHB Ken Horn 0-0: Swinging Strike
0-1: Ball
1-1: Swinging Strike
1-2: Strikes out swinging
Batting: LHB Vernon Riley 0-0: Ball
1-0: Ball
2-0: Ball
3-0: Swinging Strike
3-1: Base on Balls
Batting: SHB David Bennett 0-0: Foul Ball, location: 2F
Pickoff Throw to First - Out!
0-1: Swinging Strike
0-2: Ball
1-2: Foul Ball, location: 2F
1-2: Ball
2-2: Ball
3-2: SINGLE (Groundball, 6M) (infield hit)
Batting: RHB Fernando Cuevas 0-0: Fly out, F8 (Flyball, 8RD)
Bottom of the 1st over - 0 runs, 1 hit, 0 errors, 1 left on base; Wake Forest 0 - Seton Hall 0
TOP OF THE 2ND
Wake Forest Demon Deacons batting - Pitching for Seton Hall Pirates : LHP Greg Harris
Batting: RHB Mike Pope 0-0: Ball
1-0: Ball
2-0: Foul Ball, location: 2F
2-1: Fly out, F3 (Popup, 23F)
Batting: LHB Gregory Pérez 0-0: Ball
1-0: SINGLE (Groundball, 34D)
Batting: RHB Tim Guerrero 0-0: Foul Ball, location: 2F
0-1: Swinging Strike
0-2: Ball
1-2: Strikes out swinging
Batting: RHB Héctor Solís 0-0: Called Strike
0-1: Swinging Strike
0-2: Strikes out looking
Top of the 2nd over - 0 runs, 1 hit, 0 errors, 1 left on base; Wake Forest 0 - Seton Hall 0
BOTTOM OF THE 2ND
Seton Hall Pirates batting - Pitching for Wake Forest Demon Deacons : RHP Jamie Bonner
Batting: LHB Joe Rutherford 0-0: Foul Ball, location: 2F
0-1: Fly out, F9 (Flyball, 9LSF)
Batting: RHB Joe Lord 0-0: Ball
1-0: Ball
2-0: Ball
3-0: Base on Balls
Batting: RHB Ray Hernández 0-0: Ball
1-0: Called Strike
1-1: Grounds into double play, 1-6-3 (Groundball, P)
Bottom of the 2nd over - 0 runs, 0 hits, 0 errors, 0 left on base; Wake Forest 0 - Seton Hall 0
TOP OF THE 3RD
Wake Forest Demon Deacons batting - Pitching for Seton Hall Pirates : LHP Greg Harris
Batting: SHB Elvis Gonzáles 0-0: Ball
1-0: Ball
2-0: Ball
3-0: Called Strike
3-1: Base on Balls
Batting: RHB Doug Dunlap 0-0: Swinging Strike
0-1: Foul Ball, location: 2F
0-2: Ball
1-2: SINGLE (Flyball, 89S)
Elvis Gonzáles to second
Batting: RHB Terry Griffin 0-0: Called Strike
0-1: Ball
1-1: Called Strike
1-2: Foul Ball, location: 2F
1-2: Grounds into double play, 6-4-3 (Groundball, 6)
Elvis Gonzáles to third
Batting: LHB Don Harris 0-0: Foul Ball, location: 2F
0-1: Ball
1-1: Ball
2-1: Ball
3-1: Called Strike
3-2: Base on Balls
Batting: RHB William Allen 0-0: Called Strike
0-1: Ball
1-1: Ball
2-1: Foul Ball, location: 2F
2-2: Fielders Choice at 2nd, 5-4 (Groundball, 56)
Top of the 3rd over - 0 runs, 1 hit, 0 errors, 2 left on base; Wake Forest 0 - Seton Hall 0
BOTTOM OF THE 3RD
Seton Hall Pirates batting - Pitching for Wake Forest Demon Deacons : RHP Jamie Bonner
Batting: LHB Turner Burns 0-0: Fly out, F7 (Flyball, 7LMF)
Batting: RHB Chris Rigney 0-0: Called Strike
0-1: Ball
1-1: Foul Ball, location: 2F
1-2: Strikes out swinging
Batting: RHB Ken Horn 0-0: Foul Ball, location: 2F
0-1: Ball
1-1: Foul Ball, location: 2F
1-2: Ball
2-2: Strikes out swinging
Bottom of the 3rd over - 0 runs, 0 hits, 0 errors, 0 left on base; Wake Forest 0 - Seton Hall 0
TOP OF THE 4TH
Wake Forest Demon Deacons batting - Pitching for Seton Hall Pirates : LHP Greg Harris
Batting: RHB Mike Pope 0-0: SOLO HOME RUN (Flyball, 7LD), Distance : 317 ft
Batting: LHB Gregory Pérez 0-0: Ball
1-0: SINGLE (Flyball, 8LS) - OUT at second base trying to stretch hit.
Batting: RHB Tim Guerrero 0-0: Swinging Strike
0-1: Ball
1-1: Foul Ball, location: 2F
1-2: Foul Ball, location: 2F
1-2: Fly out, F7 (Flyball, 78M)
Batting: RHB Héctor Solís 0-0: Ground out 6-3 (Groundball, 6)
Top of the 4th over - 1 run, 2 hits, 0 errors, 0 left on base; Wake Forest 1 - Seton Hall 0
BOTTOM OF THE 4TH
Seton Hall Pirates batting - Pitching for Wake Forest Demon Deacons : RHP Jamie Bonner
Batting: LHB Vernon Riley 0-0: Foul Ball, location: 2F
0-1: Swinging Strike
0-2: Ball
1-2: Foul Ball, location: 2F
1-2: Foul Ball, location: 2F
1-2: Strikes out swinging
Batting: SHB David Bennett 0-0: Called Strike
0-1: Ball
1-1: Ground out 5-3 (Groundball, 56)
Batting: RHB Fernando Cuevas 0-0: Ball
1-0: Ball
2-0: SINGLE (Flyball, 3D)
Batting: LHB Joe Rutherford 0-0: Called Strike
Fernando Cuevas is caught stealing 2nd base
Bottom of the 4th over - 0 runs, 1 hit, 0 errors, 0 left on base; Wake Forest 1 - Seton Hall 0
TOP OF THE 5TH
Wake Forest Demon Deacons batting - Pitching for Seton Hall Pirates : LHP Greg Harris
Batting: SHB Elvis Gonzáles 0-0: Ball
1-0: Foul Ball, location: 2F
1-1: Fly out, F5 (Line Drive, 56)
Batting: RHB Doug Dunlap 0-0: Ball
1-0: Swinging Strike
1-1: SINGLE (Groundball, 4MD)
Batting: RHB Terry Griffin 0-0: Ball
1-0: Ball
2-0: Called Strike
2-1: Ball
3-1: Base on Balls
Doug Dunlap to second
Batting: LHB Don Harris 0-0: Ball
1-0: Ball
2-0: Called Strike
2-1: DOUBLE (Line Drive, 9LM)
Doug Dunlap scores
Terry Griffin to third
Batting: RHB William Allen 0-0: Ball
1-0: Ball
2-0: Called Strike
2-1: SINGLE (Flyball, 78S)
Terry Griffin scores
Don Harris to third
Runner from 3rd tries for Home, SAFE, no throw
Batting: RHB Mike Pope 0-0: Ball
1-0: Ball
2-0: Foul Ball, location: 2F
2-1: Fly out, F8 (Flyball, 8LS)
Pitching: LHP Laurent Bélisle
Batting: LHB Gregory Pérez 0-0: Swinging Strike
0-1: Foul Ball, location: 2F
0-2: Ball
1-2: Ball
2-2: Ball
3-2: 2-RUN HOME RUN (Flyball, 89XD), Distance : 387 ft
Batting: RHB Tim Guerrero 0-0: Ball
1-0: Ball
2-0: Foul Ball, location: 2F
2-1: Ball
3-1: Called Strike
3-2: Foul Ball, location: 2F
3-2: Ground out 6-3 (Groundball, 6)
Top of the 5th over - 5 runs, 4 hits, 0 errors, 0 left on base; Wake Forest 6 - Seton Hall 0
BOTTOM OF THE 5TH
Seton Hall Pirates batting - Pitching for Wake Forest Demon Deacons : RHP Jamie Bonner
Batting: LHB Joe Rutherford 0-0: Called Strike
0-1: DOUBLE (Groundball, 3D)
Batting: RHB Joe Lord 0-0: Called Strike
0-1: Ball
1-1: Ball
2-1: Foul Ball, location: 2F
2-2: Strikes out swinging
Batting: RHB Ray Hernández 0-0: Called Strike
0-1: Ball
1-1: Ball
2-1: Ball
3-1: Base on Balls
Batting: LHB Turner Burns 0-0: Ball
1-0: Ball
2-0: Called Strike
2-1: Fielders Choice at 2nd, 6-4 (Groundball, 6)
Joe Rutherford to third
Batting: RHB Chris Rigney 0-0: Ground out 6-3 (Groundball, 6MD)
Bottom of the 5th over - 0 runs, 1 hit, 0 errors, 2 left on base; Wake Forest 6 - Seton Hall 0
TOP OF THE 6TH
Wake Forest Demon Deacons batting - Pitching for Seton Hall Pirates : LHP Laurent Bélisle
Batting: RHB Héctor Solís 0-0: Called Strike
0-1: Ground out 5-3 (Groundball, 56S)
Batting: SHB Elvis Gonzáles 0-0: SINGLE (Flyball, 9S)
Batting: RHB Doug Dunlap 0-0: Called Strike
0-1: Ball
1-1: Ball
2-1: Fly out, F7 (Flyball, 7D)
Batting: RHB Terry Griffin 0-0: Foul Ball, location: 2F
0-1: Called Strike
0-2: Ball
1-2: Foul Ball, location: 2F
1-2: Ball
2-2: Ball
3-2: Foul Ball, location: 2F
3-2: Strikes out swinging
Top of the 6th over - 0 runs, 1 hit, 0 errors, 1 left on base; Wake Forest 6 - Seton Hall 0
BOTTOM OF THE 6TH
Seton Hall Pirates batting - Pitching for Wake Forest Demon Deacons : RHP Jamie Bonner
Batting: RHB Ken Horn 0-0: Ball
1-0: Ball
2-0: Called Strike
2-1: Called Strike
2-2: SINGLE (Groundball, 56D)
Batting: LHB Vernon Riley 0-0: Ball
1-0: Called Strike
1-1: Called Strike
1-2: Foul Ball, location: 2F
1-2: SINGLE (Flyball, 9S)
Ken Horn to second
Runner from 2nd tries for 3rd, SAFE, no throw
Batting: SHB David Bennett 0-0: Grounds into double play, 6-4-3 (Groundball, 6D)
Ken Horn scores
Batting: RHB Fernando Cuevas 0-0: Foul Ball, location: 2F
0-1: Foul Ball, location: 2F
0-2: Ball
1-2: SOLO HOME RUN (Flyball, 7LD), Distance : 323 ft
Batting: LHB Joe Rutherford 0-0: Swinging Strike
0-1: Ball
1-1: Ball
2-1: Ball
3-1: Swinging Strike
3-2: Foul Ball, location: 2F
3-2: Foul Ball, location: 2F
3-2: Ground out 4-3 (Groundball, 4)
Bottom of the 6th over - 2 runs, 3 hits, 0 errors, 0 left on base; Wake Forest 6 - Seton Hall 2
TOP OF THE 7TH
Wake Forest Demon Deacons batting - Pitching for Seton Hall Pirates : LHP Laurent Bélisle
Batting: LHB Don Harris 0-0: Foul Ball, location: 2F
0-1: Foul Ball, location: 2F
0-2: Ball
1-2: Ball
2-2: Ball
3-2: SINGLE (Groundball, 34D)
Batting: RHB William Allen 0-0: Ball
1-0: Ball
2-0: Grounds into double play, 6-4-3 (Groundball, 6)
Batting: RHB Mike Pope 0-0: Called Strike
0-1: Foul Ball, location: 2F
0-2: Strikes out swinging
Top of the 7th over - 0 runs, 1 hit, 0 errors, 0 left on base; Wake Forest 6 - Seton Hall 2
BOTTOM OF THE 7TH
Seton Hall Pirates batting - Pitching for Wake Forest Demon Deacons : RHP Jamie Bonner
Pitching: RHP Eldon Kerr
Batting: RHB Joe Lord 0-0: Ball
1-0: Fly out, F8 (Flyball, 8LD)
Batting: RHB Ray Hernández 0-0: Foul Ball, location: 2F
0-1: Ball
1-1: Ball
2-1: Fly out, F8 (Flyball, 8LD)
Batting: LHB Turner Burns 0-0: Ball
1-0: Ball
2-0: Ball
3-0: Base on Balls
Batting: RHB Chris Rigney 0-0: SINGLE (Groundball, 6MD)
Turner Burns to second
Runner from 2nd tries for 3rd, OUT!
Bottom of the 7th over - 0 runs, 1 hit, 0 errors, 1 left on base; Wake Forest 6 - Seton Hall 2
TOP OF THE 8TH
Wake Forest Demon Deacons batting - Pitching for Seton Hall Pirates : LHP Laurent Bélisle
Batting: LHB Gregory Pérez 0-0: Swinging Strike
0-1: Foul Ball, location: 2F
0-2: Ball
1-2: Ball
2-2: Foul Ball, location: 2F
2-2: Ball
3-2: Foul Ball, location: 2F
3-2: Foul Ball, location: 2F
3-2: Strikes out looking
Batting: RHB Tim Guerrero 0-0: Ball
1-0: Ball
2-0: Ball
3-0: Base on Balls
Batting: RHB Héctor Solís 0-0: Ball
1-0: Ball
2-0: SINGLE (Line Drive, 6MD)
Tim Guerrero to second
Batting: SHB Elvis Gonzáles 0-0: Ball
1-0: Grounds into double play, 4-6-3 (Groundball, 4)
Top of the 8th over - 0 runs, 1 hit, 0 errors, 1 left on base; Wake Forest 6 - Seton Hall 2
BOTTOM OF THE 8TH
Seton Hall Pirates batting - Pitching for Wake Forest Demon Deacons : RHP Eldon Kerr
Batting: RHB Ken Horn 0-0: Foul Ball, location: 2F
0-1: Called Strike
0-2: Ball
1-2: Foul Ball, location: 2F
1-2: Foul Ball, location: 2F
1-2: Ball
2-2: Strikes out swinging
Batting: LHB Vernon Riley 0-0: Fly out, F7 (Flyball, 78M)
Batting: SHB David Bennett 0-0: Foul Ball, location: 2F
0-1: Called Strike
0-2: Ball
1-2: Strikes out swinging
Bottom of the 8th over - 0 runs, 0 hits, 0 errors, 0 left on base; Wake Forest 6 - Seton Hall 2
TOP OF THE 9TH
Wake Forest Demon Deacons batting - Pitching for Seton Hall Pirates : LHP Laurent Bélisle
Batting: RHB Doug Dunlap 0-0: Ball
1-0: Ball
2-0: Called Strike
2-1: Ball
3-1: Base on Balls
Pitching: RHP Edwin Martin
Batting: RHB Terry Griffin 0-0: Called Strike
Doug Dunlap steals 2nd base
0-1: Ball
1-1: SINGLE (Groundball, 6MD)
Doug Dunlap to third
Pitching: LHP Keith Case
Batting: LHB Don Harris 0-0: Ball
1-0: Ball
2-0: Called Strike
2-1: Swinging Strike
2-2: Foul Ball, location: 2F
2-2: Foul Ball, location: 2F
2-2: Ball
3-2: Base on Balls
Terry Griffin to second
Pitching: RHP Harley Sandberg
Batting: RHB William Allen 0-0: Ball
1-0: Ball
2-0: Ball
3-0: Called Strike
3-1: Base on Balls
Doug Dunlap scores
Terry Griffin to third
Don Harris to second
Batting: RHB Mike Pope 0-0: Called Strike
0-1: Fly out, F6 (Line Drive, 6M)
Lined into DP, U6 (Line Drive, 6M)
Batting: LHB Gregory Pérez 0-0: Ball
1-0: Swinging Strike
1-1: Called Strike
1-2: Fly out, F9 (Flyball, 9S)
Top of the 9th over - 1 run, 1 hit, 0 errors, 2 left on base; Wake Forest 7 - Seton Hall 2
BOTTOM OF THE 9TH
Seton Hall Pirates batting - Pitching for Wake Forest Demon Deacons : RHP Eldon Kerr
Now at 2B: Paul Turner
Batting: RHB Fernando Cuevas 0-0: Ball
1-0: Swinging Strike
1-1: SINGLE (Groundball, 34D)
Batting: LHB Joe Rutherford 0-0: Ball
1-0: Ball
2-0: Ball
3-0: Called Strike
3-1: Called Strike
3-2: Strikes out looking
Batting: RHB Joe Lord 0-0: Foul Ball, location: 2F
0-1: Called Strike
0-2: Ball
1-2: Ball
2-2: Ball
3-2: Strikes out swinging
Batting: RHB Ray Hernández 0-0: Called Strike
0-1: Foul Ball, location: 2F
0-2: Ball
1-2: Strikes out swinging
Bottom of the 9th over - 0 runs, 1 hit, 0 errors, 1 left on base; Wake Forest 7 - Seton Hall 2
Saturday, December 16th, 2017 - OOTP Baseball 18.8 Build 76